 Dungeon Crawl Stone Soup version 0.17-a0-1447-g3d113ad (webtiles) character file.

326 ztt the Skirmisher (level 6, -3/66 HPs)
             Began as an Ogre Fighter on June 29, 2015.
             Slain by a slave (5 damage)
             ... led by Pikel
             ... on level 3 of the Dungeon.
             The game lasted 00:05:14 (2831 turns).

ztt the Skirmisher (Ogre Fighter)                   Turns: 2831, Time: 00:05:14

Health: -3/66      AC:  4    Str: 27    XL:     6   Next: 49%
Magic:  6/6        EV:  8    Int:  7    God:
Gold:   145        SH:  9    Dex:  7    Spells: 0 memorised, 5 levels left

rFire  . . .     SeeInvis .     a - +0 flail
rCold  . . .     Clarity  .     b - +1 robe
rNeg   . . .     SustAt   .     c - +0 shield
rPois  .         Gourm    .     (helmet restricted)
rElec  .         Spirit   .     (no cloak)
rCorr  .         Warding  .     (gloves unavailable)
rMut   .         Stasis   .     (boots unavailable)
MR     .....                    (no amulet)
Stlth  +.........               (no ring)
                                p - +3 ring of strength

@: very slightly contaminated, hasted (expiring), very quick, not resistant to
hostile enchantments, very unstealthy
A: unfitting armour, horns 1, clumsy 1, tough skin 1
a: no special abilities


You were on level 3 of the Dungeon.
You were hungry.

You visited 1 branch of the dungeon, and saw 4 of its levels.

You collected 145 gold pieces.

Inventory:

Hand weapons
 a - a +0 flail (weapon)
Armour
 b - a +1 robe (worn)
 c - a +0 shield (worn)
Jewellery
 m - an uncursed ring of teleportation
 o - a -3 ring of protection
 p - a +3 ring of strength (left hand)
Magical devices
 r - a wand of slowing (18)
Scrolls
 g - 2 scrolls of enchant armour
 q - a scroll of random uselessness {unknown}
 s - a scroll of identify
 u - a scroll of remove curse
Potions
 i - 3 potions of cure mutation
 k - a potion of mutation
 n - a potion of degeneration
Books
 l - a book of Hinderance

   Spells                             Type                      Level
   a - Confusing Touch                Hexes                        2
   b - Confuse                        Hexes                        3
   c - Gell's Gravitas                Hexes/Translocation          3
   d - Petrify                        Transmutation/Earth          4
   e - Metabolic Englaciation         Hexes/Ice                    5
Comestibles
 e - 2 bread rations
 f - 3 meat rations
 h - 5 fruits


   Skills:
 * Level 5.3 Fighting
 * Level 5.3 Maces & Flails
 + Level 4.1 Dodging
 + Level 1.3 Stealth
 + Level 3.3 Shields


You had 5 spell levels left.
You didn't know any spells.

Dungeon Overview and Level Annotations

Branches:
Dungeon (4/15)
 Temple: D:4-7

Altars:
Trog

Annotations:
D:3 Pikel


Innate Abilities, Weirdness & Mutations

You are too large for most types of armour.
You have tough skin (AC +1).
You have a pair of small horns on your head.
You are clumsy. (Dex -2)


Message History

Drink which item? (? for menu, Esc to quit)
Okay, then.
Unknown command.
Sorry, you're not good enough to have a special ability.
Unknown command.
Firing (i - inventory): No suitable missiles.
Press: ? - help, Shift-Dir - straight line, f - slave
Aim: a slave, wearing an animal skin
Okay, then.
Unknown command.
Unknown command.
Drop what? 18/52 slots (_ for help) (? for menu, Esc to quit)
Okay, then.
Unknown command.
Drink which item? (? for menu, Esc to quit)
It was a potion of mutation.
You feel extremely strange.
You feel clumsy. A pair of horns grows on your head!
Your extra speed is starting to run out.
The slave hits you.
You die...

...................#######.......
...................##............
##.....##..........##.####.######
..(....##.............# #.#
.......##..........#### #.#
.......##.............# #.#
.......##.............# #.# #
.>.....#########p####.# #.######
.......# #@# #.# #.##....
###.#.### #K## #.# #.......
#.#...# #..# #.# #.......
#.###.### ##.# #.####....... #.#
#...## #.# #............ #.#
###..# #.# #.####....... #.#
##.### #.###............
###.######...# #..##########....
........####.#####.###<..........


You could see Pikel and a slave.

Vanquished Creatures
  Grinder (D:3)
  Jessica (D:2)
  A worker ant (D:4)
  2 adders (D:3)
  4 worms
  3 giant geckos (D:2)
  A ball python (D:1)
  6 bats
  4 giant cockroaches
  6 goblins
  4 hobgoblins
  8 jackals
  4 giant newts
  4 kobolds
  5 rats
54 creatures vanquished.

Notes
Turn   | Place    | Note
--------------------------------------------------------------
     0 | D:1      | ztt the Ogre Fighter began the quest for the Orb.
     0 | D:1      | Reached XP level 1. HP: 24/24 MP: 1/1
   254 | D:1      | Reached XP level 2. HP: 32/32 MP: 2/2
   931 | D:2      | Reached XP level 3. HP: 29/40 MP: 3/3
  1240 | D:2      | Noticed Jessica
  1258 | D:2      | Killed Jessica
  1303 | D:2      | Reached XP level 4. HP: 42/49 MP: 4/4
  1845 | D:2      | Found a bloodstained altar of Trog.
  2386 | D:3      | Noticed Grinder
  2388 | D:3      | Paralysed by Grinder for 2 turns
  2407 | D:3      | Killed Grinder
  2407 | D:3      | Reached skill level 5 in Fighting
  2407 | D:3      | Reached skill level 5 in Maces & Flails
  2407 | D:3      | Reached skill level 1 in Stealth
  2407 | D:3      | Reached XP level 5. HP: 21/57 MP: 5/5
  2407 | D:3      | Reached XP level 6. HP: 24/66 MP: 6/6
  2781 | D:4      | Noticed Pikel
  2829 | D:4      | HP: 2/66 [Pikel/whip of freezing (2)]
  2831 | D:3      | Gained mutation: You are clumsy. (Dex -2) [potion of mutation]
  2831 | D:3      | Gained mutation: You have a pair of small horns on your head. [potion of mutation]
  2831 | D:3      | Slain by a slave

Vault maps used:
D:1:      sevenhm_arrival_forest_fort_large_1
D:2:      lightli_temple_of_fire, first_bread, uniq_jessica
D:3:      minmay_door_path, uniq_grinder
D:4:      minmay_temple_entry_glassed_door, uniq_pikel

Action                   |  1- 3 |  4- 6 || total
-------------------------+-------+-------++-------
Melee: Flail             |   100 |   123 ||   223
  Use: Scroll            |     2 |     6 ||     8
       Potion            |       |     5 ||     5
 Stab: Sleeping          |     1 |       ||     1
  Eat: Chunk             |     1 |     5 ||     6
